 Dungeon Crawl Stone Soup version 0.28-a0-697-g47f3eba078 (webtiles) character file.

Game seed: 9266744862470078628

50 porpoise the Conjurer (level 3, -2/19 HPs)
             Began as a Deep Elf Conjurer on Oct 23, 2021.
             Slain by a gnoll (10 damage)
             ... on level 1 of the Dungeon.
             The game lasted 00:03:55 (1082 turns).

porpoise the Conjurer (Deep Elf Conjurer)           Turns: 1082, Time: 00:03:56

Health: -2/19      AC:  2    Str:  4    XL:     3   Next: 55%
Magic:  7/10       EV: 12    Int: 23    God:
Gold:   18         SH:  0    Dex: 13    Spells: 7/10 levels left

rFire   . . .      SeeInvis .   a - +0 short sword
rCold   . . .      Faith    .   (no shield)
rNeg    . . .      Spirit   .   b - +0 robe
rPois   .          Reflect  .   (no helmet)
rElec   .          Harm     .   (no cloak)
rCorr   .          Rampage  .   (no gloves)
Will    .....                   (no boots)
Stlth   ++........              (no amulet)
HPRegen 0.06/turn               (no ring)
MPRegen 0.12/turn               (no ring)

@: no status effects
A: no striking features
a: no special abilities


You were on level 1 of the Dungeon.
You visited 1 branch of the dungeon, and saw 2 of its levels.

You collected 18 gold pieces.

Inventory:

Hand Weapons
 a - a +0 short sword (weapon)
Missiles
 f - 33 stones
 g - 20 sling bullets
Armour
 b - a +0 robe (worn)
Scrolls
 c - 3 scrolls of identify {unknown}
 d - a scroll of torment {unknown}
 e - 2 scrolls of teleportation {unknown}


   Skills:
 - Level 2.4 Dodging
 - Level 2.4 Stealth
 + Level 4.4 Spellcasting
 + Level 5.2 Conjurations


You had 7 spell levels left.
You knew the following spells:

 Your Spells              Type           Power      Damage    Failure   Level
a - Magic Dart            Conj           100%       1d8       1%          1
b - Searing Ray           Conj           58%        2d6       1%          2

Your spell library contained the following spells:

 Spells                   Type           Power      Damage    Failure   Level
 Dazzling Flash           Conj/Hex       34%        N/A       11%         3
 Slow                     Hex            5%         N/A       16%         2
 Confusing Touch          Hex            5%         N/A       30%         3
 Vampiric Draining        Necr           2%         2d6       30%         3
 Fulminant Prism          Conj/Hex       8%         3d7       34%         4
 Iskenderun's Mystic Bla  Conj/Tloc      17%        2d5       34%         4


Dungeon Overview and Level Annotations

Branches:
Dungeon (2/15)

Altars:

Annotations:
D:1 1 runed translucent door


Message History

The searing ray hits the gnoll!
The gnoll is severely wounded.
The searing ray hits the gnoll!
You kill the gnoll!
The gnoll barely misses you.
The searing ray hits the gnoll!
You kill the gnoll!
The rat twitches its whiskers.
You start resting.
The jackal pauses to sniff the ground. x2
The rat twitches its whiskers.
The giant cockroach waves its antennae.
The jackal stops to sniff the ground.
Magic restored.
You start resting.
The endoplasm jiggles.
The giant cockroach waves its antennae. x2
HP restored.
There is a stone staircase leading down here.
You climb downwards.
The frilled lizard hisses angrily.
The kobold shouts!
The gnoll barely misses you.
There is a stone staircase leading up here.
The gnoll hits you with a +0 flail!
Ouch! That really hurt!
You climb upwards.
Level annotation: 1 runed translucent door
There is a stone staircase leading down here.
Casting: Searing Ray (safe; 1% risk of failure)
Confirm with . or Enter, or press ? or * to list all spells.
Aiming: Searing Ray (safe; 1% risk of failure)
Press: ? - help, Shift-Dir - straight line, f - gnoll
Aim: a gnoll, wielding a +0 flail (82% to hit)
The searing ray hits the gnoll.
The gnoll is heavily wounded. (Press . to maintain the ray.)
The gnoll closely misses you.
The searing ray misses the gnoll.
The gnoll hits you with a +0 flail!
Ouch! That really hurt!
You die...

......##.###############..#
......##.#....Jr.......#..#
......##[#....rBBrw....#..#
......##.#.JhrhJrhB....#..#
......##.#######+#######.##
......##.#......).)....#.#
......##.'⌠....###....⌠'.#
.........#.^...........##
##..........###.......##
###...##...## #.......#
.########### #..)....# .##
##..#.####


You could see a gnoll, an endoplasm, a jackal and a rat.

Vanquished Creatures
  2 gnolls (D:1)
  3 bats (D:1)
  4 endoplasms (D:1)
  2 giant cockroaches (D:1)
  A goblin (D:1)
  2 hobgoblins (D:1)
  5 kobolds (D:1)
  A quokka (D:1)
  5 ball pythons (D:1)
  3 rats (D:1)
28 creatures vanquished.

Notes
Turn   | Place    | Note
-------+----------+-------------------------------------------
     0 | D:1      | porpoise the Deep Elf Conjurer began the quest for the Orb.
     0 | D:1      | Reached XP level 1. HP: 10/10 MP: 6/6
     1 | D:1      | Found a runed translucent door.
   316 | D:1      | Reached XP level 2. HP: 15/15 MP: 5/8
   319 | D:1      | Learned a level 2 spell: Searing Ray
   859 | D:1      | Reached skill level 5 in Conjurations
   859 | D:1      | Reached XP level 3. HP: 19/19 MP: 8/10
  1082 | D:1      | Slain by a gnoll

Illustrated notes

Levels and vault maps discovered:
D:1:      dpeg_arrival_caged_fury, layout_rooms, minmay_misc_feat_roman
D:2:      layout_basic, uniq_jessica, uniq_crazy_yiuf_cottage

Skill      XL: |  1  2 |
---------------+-------+-----
Spellcasting   | 4 |  4.4
Conjurations   | 5 |  5.2
Dodging        | |  2.4
Stealth        | |  2.4

Action                   || total
-------------------------++-------
Melee: Unarmed           ||     4
       Short sword       ||     1
 Cast: Magic Dart        ||    51
       Searing Ray       ||     2
Armor: Robe              ||     4
Dodge: Dodged            ||    16

Table legend: (Time is in decaauts)
 A = Elapsed time spent in this place.
 B = Non-inter-level travel time spent in this place.
 C = Inter-level travel time spent in this place.
 D = Time resting spent in this place.
 E = Time spent auto-exploring this place.
 F = Levels seen in this place.
 G = Mean time per level.
                   A        B        C        D        E       F      G
               +--------+--------+--------+--------+--------+-----+--------+
         Total |   1082 |   1066 |     16 |    481 |    436 |   2 |  541.0 |
       Dungeon |   1082 |   1066 |     16 |    481 |    436 |   2 |  541.0 |
               +--------+--------+--------+--------+--------+-----+--------+

Top non-repeatable levels by time:
     D:1: 1077 daAuts
     D:2: 5 daAuts
